 Dungeon Crawl Stone Soup version 0.31-a0-355-g57cb03d3e8 (webtiles) character file.

Game seed: 16623695969385109647

541 Midn8 the Insei (level 7, -2/35 HPs)
             Began as a Vine Stalker Necromancer on July 24, 2023.
             Was a Believer of Wu Jian.
             Slain by Prince Ribbit (7 damage)
             ... on level 5 of the Dungeon.
             The game lasted 00:16:17 (4297 turns).

Midn8 the Insei (Vine Stalker Necromancer)          Turns: 4297, Time: 00:16:18

Health: -2/35      AC:  4    Str: 11    XL:     7   Next: 26%
Magic:  0/14       EV: 12    Int: 17    God:    Wu Jian [**....]
Gold:   198        SH:  0    Dex: 14    Spells: 10/14 levels left

rFire   . .          .
                       - Unarmed
rCold   + . .        (no shield)
rNeg    . . .        a - +0 robe
rPois   +            r - +0 helmet
rElec   .            (no cloak)
rCorr   .            o - +0 pair of gloves
SInv    .            (no boots)
Will    .....        (no amulet)
Stlth   ++           d - ring of protection from cold
HPRegen 1.05/turn    s - ring of poison resistance
MPRegen 0.14/turn

%: guardian spirit
@: on berserk cooldown, slowed, very slow
A: fangs 2, regeneration 1, magic shield, antimagic bite, no potion heal 2
a: Renounce Religion, Wall Jump


You were on level 5 of the Dungeon.
You worshipped Wu Jian.
Wu Jian was pleased with you.
You visited 1 branch of the dungeon, and saw 5 of its levels.

You collected 198 gold pieces.

Inventory:

Hand Weapons
 c - a +1 trident
Missiles
 l - 7 boomerangs
Armour
 a - a +0 robe (worn)
 o - a +0 pair of gloves (worn)
 r - a +0 helmet (worn)
Jewellery
 d - a ring of protection from cold (left hand)
 s - a ring of poison resistance (right hand)
Talismans
 g - a storm talisman
Scrolls
 f - 3 scrolls of teleportation
 h - 3 scrolls of identify
 j - a scroll of fog {unknown}
 k - a scroll of poison {unknown}
 m - a scroll of blinking {unknown}
 q - a scroll of silence {unknown}
 t - a scroll of revelation {unknown}
 u - a scroll of immolation {unknown}
Potions
 b - a potion of magic
 e - 2 potions of heal wounds
 i - 2 potions of brilliance
 n - a potion of mutation


   Skills:
 - Level 2.0 Fighting
 - Level 1.5 Dodging
 - Level 2.4 Stealth
 + Level 5.2 Unarmed Combat
 - Level 4.0 Spellcasting
 - Level 4.9 Necromancy


You had 10 spell levels left.
You knew the following spells:

 Your Spells              Type           Power      Damage    Failure   Level
a - Necrotise             Necr           80%        1d8       1%          1
v - Vampiric Draining     Necr           20%        2d7       6%          3

Your spell library contained the following spells:

 Spells                   Type           Power      Damage    Failure   Level
 Apportation              Tloc           6%         N/A       16%         1
 Summon Small Mammal      Summ           12%        N/A       16%         1
 Animate Dead             Necr           20%        N/A       21%         4
 Portal Projectile        Hex/Tloc       6%         N/A       43%         3
 Tukima's Dance           Hex            3%         N/A       43%         3
 Agony                    Necr           20%        N/A       50%         5
 Iskenderun's Mystic Bla  Conj/Tloc      3%         2d3       83%         4


Dungeon Overview and Level Annotations

Branches:
Dungeon (5/15)             Temple (0/1) D:4

Altars:
Elyvilon
Okawaru
Qazlal
Ru
Trog
Uskayaw
Vehumet
Wu Jian
Xom
Zin

Shops:
D:1 =

Annotations:
D:3 Sigmund
D:5 Prince Ribbit


Innate Abilities, Weirdness & Mutations

You have extremely sharp teeth.
Your natural rate of healing is unusually fast.
When hurt, damage is shared between your health and your magic reserves.
Your bite disrupts and absorbs the magic of your enemies.
Potions cannot restore your health.


Message History

Prince Ribbit is moderately wounded.
Prince Ribbit blinks! x2
Casting: Necrotise (safe; 1% risk of failure)
Confirm with . or Enter, or press ? or * to list all spells.
Aiming: Vampiric Draining (dangerous; 6% risk of failure)
Press: ? - help, Shift-Dir - straight line, f/p - Prince Ribbit
Aim: Prince Ribbit (translocational energy, lightly wounded)
You draw life force from Prince Ribbit!
You feel life coursing into your body. Prince Ribbit hits you.
Prince Ribbit barely misses you.
Unknown command.
Casting: Vampiric Draining (dangerous; 6% risk of failure)
Confirm with . or Enter, or press ? or * to list all spells.
Aiming: Necrotise (safe; 1% risk of failure)
Press: ? - help, Shift-Dir - straight line, f/p - Prince Ribbit
Aim: Prince Ribbit (moderately wounded, chance to affect: 63%) Prince Ribbit resists with significant effort.
Prince Ribbit hits you. Prince Ribbit barely misses you.
Unknown command.
Casting: Necrotise (safe; 1% risk of failure)
Confirm with . or Enter, or press ? or * to list all spells.
Aiming: Necrotise (safe; 1% risk of failure)
Press: ? - help, Shift-Dir - straight line, f/p - Prince Ribbit
Aim: Prince Ribbit (moderately wounded, chance to affect: 63%) Prince Ribbit writhes in agony.
Prince Ribbit lets out a mournful croak.
Prince Ribbit hits you! Prince Ribbit misses you.
Unknown command.
Casting: Necrotise (safe; 1% risk of failure)
Confirm with . or Enter, or press ? or * to list all spells.
Aiming: Necrotise (safe; 1% risk of failure)
Press: ? - help, Shift-Dir - straight line, f/p - Prince Ribbit
Aim: Prince Ribbit (moderately wounded, chance to affect: 63%) Prince Ribbit writhes in agony.
Prince Ribbit misses you. Prince Ribbit hits you!
* * * LOW HITPOINT WARNING * * *
Unknown command.
You hit Prince Ribbit.
Prince Ribbit is heavily wounded.
Prince Ribbit hits you!
You die...

.....[.........###
.................#
..........#.#...###
#...........##.(.#
#..............###
#...........#### #
#...........## #.
###.>.....F...##
...#.#.......@....#
###................##
#..............##...#
..#..##......####...#
..........#.## #####
##....<.#### #..#####
#.. #.


You could see Prince Ribbit.

Vanquished Creatures
  A water moccasin (D:5)
  A hound (D:4)
  A jelly (D:4)
  An orc priest (D:4)
  An iguana (D:4)
  A sleepcap (D:5)
  3 orc wizards
  3 gnolls (D:4)
  7 adders
  3 worms (D:2)
  2 dart slugs
  11 orcs
  4 bats
  11 endoplasms
  5 giant cockroaches
  7 hobgoblins
  4 jackals (D:3)
  A quokka (D:2)
  13 ball pythons
  6 frilled lizards
  9 goblins
  12 kobolds
  7 rats
114 creatures vanquished.

Vanquished Creatures (collateral kills)
  2 rats
2 creatures vanquished.

Grand Total: 116 creatures vanquished

Notes
Turn   | Place    | Note
-------+----------+-------------------------------------------
     0 | D:1      | Midn8 the Vine Stalker Necromancer began the quest for the
                  | Orb.
     0 | D:1      | Reached XP level 1. HP: 9/9 MP: 4/4
   111 | D:1      | Reached XP level 2. HP: 13/13 MP: 2/6
   496 | D:1      | Found Sughise's One-of-a-Kind Rings.
   559 | D:1      | Reached XP level 3. HP: 16/16 MP: 3/9
  1057 | D:2      | Learned a level 3 spell: Vampiric Draining
  1286 | D:2      | Gained mutation: Your natural rate of healing is unusually
                  | fast. [Vine Stalker growth]
  1286 | D:2      | Reached XP level 4. HP: 21/21 MP: 11/11
  1672 | D:2      | Found an ornate altar of the Wu Jian Council.
  1692 | D:2      | Became a worshipper of the Wu Jian Council
  2194 | D:3      | Reached XP level 5. HP: 23/25 MP: 6/12
  2295 | D:3      | Reached skill level 1 in Fighting
  2417 | D:3      | Reached skill level 1 in Unarmed Combat
  2420 | D:3      | Reached * piety under Wu Jian
  2568 | D:3      | Noticed Sigmund
  2961 | D:3      | Reached skill level 2 in Unarmed Combat
  3449 | D:4      | Reached XP level 6. HP: 30/30 MP: 13/13
  3462 | D:4      | Reached skill level 3 in Unarmed Combat
  3713 | D:4      | Reached skill level 4 in Unarmed Combat
  3868 | D:4      | Found a staircase to the Ecumenical Temple.
  4003 | D:4      | Found a radiant altar of Vehumet.
  4003 | D:4      | Found a hide-covered altar of Uskayaw.
  4003 | D:4      | Found a bloodstained altar of Trog.
  4011 | D:4      | Found an iron altar of Okawaru.
  4014 | D:4      | Found a glowing silver altar of Zin.
  4015 | D:4      | Found a stormy altar of Qazlal.
  4021 | D:4      | Found a shimmering altar of Xom.
  4049 | D:4      | Reached ** piety under Wu Jian
  4128 | D:4      | Found a sacrificial altar of Ru.
  4130 | D:4      | Found a white marble altar of Elyvilon.
  4219 | D:5      | Entered Level 5 of the Dungeon
  4227 | D:5      | Reached XP level 7. HP: 34/35 MP: 11/14
  4258 | D:5      | Noticed Prince Ribbit
  4286 | D:5      | Reached skill level 5 in Unarmed Combat
  4297 | D:5      | Slain by Prince Ribbit

Illustrated notes

Levels and vault maps discovered:
D:1:      ncdulo_watergridlock, layout_basic, nicolae_shop_unique_rings,
          serial_bayou_ford_a, lexackson_kobold_supper
D:2:      minmay_diamond_boxcup, layout_rooms, basic_altar, st_stairs_9,
          minivault_4, patterned_corridor
D:3:      layout_basic, serial_glass, glass_columns_b, glass_columns_b,
          glass_columns_b, uniq_sigmund
D:4:      layout_rooms, nicolae_overflow_hallway_of_the_gods,
          minmay_temple_entry_enclosed_plants, dk_noncrumbling_2
D:5:      layout_cave_pools, nicolae_dithmenos_shadow_blocks, uniq_ijyb,
          uniq_prince_ribbit1, uniq_grinder

Skill      XL: |  1  2  3  4  5  6  7 |
---------------+----------------------+-----
Spellcasting   | 3 4 |  4.0
Fighting       | 2 |  2.0
Unarmed Combat | 2 4 5 |  5.2
Dodging        | |  1.5
Stealth        | |  2.4
Necromancy     | |  4.9

Action                     |  1- 3 |  4- 6 |  7- 9 || total
---------------------------+-------+-------+-------++-------
  Melee: Trident           |    32 |   130 |       ||   162
         Bite              |     4 |    33 |     2 ||    39
         Punch             |       |     1 |       ||     1
         Unarmed           |       |       |    11 ||    11
   Cast: Necrotise         |    42 |    79 |    10 ||   131
         Vampiric Draining |     1 |     2 |     1 ||     4
    Use: Scroll            |       |     6 |       ||     6
         Potion            |       |       |     1 ||     1
   Stab: Sleeping          |     6 |     8 |       ||    14
         Distracted        |       |     1 |       ||     1
 Armour: Robe              |     7 |    23 |     1 ||    31
  Dodge: Dodged            |    18 |    73 |    11 ||   102
         Form:             |     1 |       |       ||     1
         Storm             |     1 |       |       ||     1

Table legend: (Time is in decaauts)
 A = Elapsed time spent in this place.
 B = Non-inter-level travel time spent in this place.
 C = Inter-level travel time spent in this place.
 D = Time resting spent in this place.
 E = Time spent auto-exploring this place.
 F = Levels seen in this place.
 G = Mean time per level.
                   A        B        C        D        E       F      G
               +--------+--------+--------+--------+--------+-----+--------+
         Total |   4355 |   4151 |    204 |   1096 |   2195 |   5 |  871.0 |
       Dungeon |   4355 |   4151 |    204 |   1096 |   2195 |   5 |  871.0 |
               +--------+--------+--------+--------+--------+-----+--------+

Top non-repeatable levels by time:
     D:3: 1267 daAuts
     D:1: 1063 daAuts
     D:2: 1016 daAuts
     D:4: 931 daAuts
     D:5: 77 daAuts
